 Dungeon Crawl Stone Soup version 0.29-a0-409-gd843f3a (webtiles) character file.

Game seed: 14868644209211289881

33 Illumine the Bolt Thrower (level 3, -4/21 HPs)
             Began as a Kobold Hunter on May 13, 2022.
             Slain by a phantom (6 damage)
             ... on level 2 of the Dungeon.
             The game lasted 00:01:39 (1362 turns).

Illumine the Bolt Thrower (Kobold Hunter)           Turns: 1362, Time: 00:01:40

Health: -4/21      AC:  5    Str:  8    XL:     3   Next: 47%
Magic:  3/3        EV: 14    Int: 10    God:
Gold:   94         SH:  0    Dex: 20    Spells: 2/2 levels left

rFire   . . .      SeeInvis .   a - +1 hand crossbow
rCold   . . .      Faith    .   (no shield)
rNeg    . . .      Spirit   .   b - +0 leather armour
rPois   .          Reflect  .   g - +0 helmet
rElec   .          Harm     .   d - +0 cloak
rCorr   .          Rampage  .   (no gloves)
Will    .....                   (no boots)
Stlth   +++.......              (no amulet)
HPRegen 0.07/turn               (no ring)
MPRegen 0.08/turn               (no ring)

@: no status effects
A: small, no large weapons, nightstalker 3
a: no special abilities


You were on level 2 of the Dungeon.
You visited 1 branch of the dungeon, and saw 2 of its levels.

You collected 94 gold pieces.

Inventory:

Hand Weapons
 a - a +1 hand crossbow (weapon)
Armour
 b - a +0 leather armour (worn)
 d - a +0 cloak (worn)
 g - a +0 helmet (worn)
Jewellery
 i - a +4 ring of protection
Scrolls
 c - a scroll of immolation
 e - 3 scrolls of teleportation {unknown}
 f - a scroll of summoning {unknown}
 h - a scroll of amnesia {unknown}
 j - a scroll of identify {unknown}
Potions
 k - a potion of cancellation {unknown}


   Skills:
 - Level 2.1 Fighting
 + Level 6.0 Crossbows
 + Level 2.4 Dodging
 + Level 3.3 Stealth


You had 2 spell levels left.
You didn't know any spells.
Your spell library contained the following spells:

 Spells                   Type           Power      Damage    Failure   Level
 Sting                    Tmut/Pois      0%         1d3       50%         1
 Poisonous Vapours        Pois/Air       0%         N/A       63%         2
 Dazzling Flash           Conj/Hex       0%         N/A       86%         3
 Iskenderun's Mystic Bla  Conj/Tloc      0%         2d3       99%         4
 Olgreb's Toxic Radiance  Pois           0%         N/A       99%         4
 Starburst                Conj/Fire      0%         6d3       100%        6


Dungeon Overview and Level Annotations

Branches:
Dungeon (2/15)

Altars:


Innate Abilities, Weirdness & Mutations

You are small and have problems with some larger weapons.
You are completely attuned to the shadows.


Message History

The phantom hits you but does no damage.
You shoot a bolt. The bolt closely misses the phantom.
The phantom hits you.
You shoot a bolt. The bolt hits the phantom.
The phantom is moderately damaged.
The phantom hits you but does no damage.
You shoot a bolt. The bolt hits the phantom!
The phantom is severely damaged.
The phantom barely misses you. The phantom hits you.
You shoot a bolt. The bolt misses the phantom.
The phantom misses you.
You shoot a bolt. The bolt closely misses the phantom.
The phantom hits you.
The phantom blinks!
You blink.
You shoot a bolt. The bolt closely misses the phantom.
The phantom misses you.
You shoot a bolt.
The bolt hits the phantom but does no damage.
The phantom is severely damaged.
The phantom hits you.
* * * LOW HITPOINT WARNING * * *
The phantom hits you.
* * * LOW HITPOINT WARNING * * *
The phantom blinks!
You blink.
Found a stone staircase leading down.
You are too injured to fight recklessly!
Shoot: a) +1 hand crossbow
Press: ? - help, Q - select action Shift-Dir - straight line, f/p - phantom
Aim: a phantom (severely damaged, 60% to hit)
You shoot a bolt. The bolt misses the phantom.
The phantom hits you but does no damage.
Unknown command.
Shoot: a) +1 hand crossbow
Press: ? - help, Q - select action Shift-Dir - straight line, f/p - phantom
Aim: a phantom (severely damaged, 60% to hit)
You shoot a bolt. The bolt barely misses the phantom.
The phantom barely misses you.
Unknown command.
Shoot: a) +1 hand crossbow
Press: ? - help, Q - select action Shift-Dir - straight line, f/p - phantom
Aim: a phantom (severely damaged, 60% to hit)
You shoot a bolt. The bolt hits the phantom.
The phantom is almost destroyed.
The phantom hits you.
You die...

.......# #..†...#
#......#######.####.#
#......##........##.#
#......####.##.#.##§#
#......# #.##.#.##$#
#......####.........#
...........###.#.####
.###.#####.# #.#
.......###.### #@#
................W...>
#..............######
#.##...###.#### #...#
#.# #.... .#


You could see a phantom.

Vanquished Creatures
  An adder (D:2)
  3 ball pythons (D:1)
  3 endoplasms (D:1)
  A giant cockroach (D:1)
  3 goblins (D:1)
  3 hobgoblins (D:1)
  A quokka (D:1)
  3 bats
  2 frilled lizards (D:1)
  A kobold (D:1)
  3 rats
24 creatures vanquished.

Notes
Turn   | Place    | Note
-------+----------+-------------------------------------------
     0 | D:1      | Illumine the Kobold Hunter began the quest for the Orb.
     0 | D:1      | Reached XP level 1. HP: 12/12 MP: 1/1
   154 | D:1      | Found a faded altar of an unknown god.
   247 | D:1      | Reached XP level 2. HP: 17/17 MP: 2/2
   840 | D:1      | Reached XP level 3. HP: 21/21 MP: 3/3
  1309 | D:2      | Reached skill level 6 in Crossbows
  1349 | D:2      | Noticed a phantom
  1359 | D:2      | HP: 1/21 [phantom (5)]
  1362 | D:2      | Slain by a phantom

Illustrated notes

Levels and vault maps discovered:
D:1:      dpeg_arrival_signposts, layout_basic,
          shapermc_ecumenical_altar_mp_highgroup, serial_bayou_pond_a,
          minmay_split_cup_large
D:2:      layout_basic, serial_shops, nicolae_shop_stone

Skill      XL: |  1  2  3 |
---------------+----------+-----
Stealth        | 2 3 |  3.3
Crossbows      | 6 |  6.0
Fighting       | |  2.1
Dodging        | |  2.4

Action                   || total
-------------------------++-------
 Fire: Hand crossbow     ||    66
Armor: Leather armour    ||    12
Dodge: Dodged            ||    25

Table legend: (Time is in decaauts)
 A = Elapsed time spent in this place.
 B = Non-inter-level travel time spent in this place.
 C = Inter-level travel time spent in this place.
 D = Time resting spent in this place.
 E = Time spent auto-exploring this place.
 F = Levels seen in this place.
 G = Mean time per level.
                   A        B        C        D        E       F      G
               +--------+--------+--------+--------+--------+-----+--------+
         Total |   1379 |   1334 |     45 |    175 |   1008 |   2 |  689.5 |
       Dungeon |   1379 |   1334 |     45 |    175 |   1008 |   2 |  689.5 |
               +--------+--------+--------+--------+--------+-----+--------+

Top non-repeatable levels by time:
     D:1: 1294 daAuts
     D:2: 85 daAuts
